 Dungeon Crawl Stone Soup version 0.23.2-33-g5129a83 (webtiles) character file.

Game seed: 16319252199969506154

212 Fortress the Gusty (level 5, -9/28 HPs)
             Began as a Tengu Air Elementalist on July 3, 2019.
             Was a Follower of Qazlal.
             Mangled by an iguana (11 damage)
             ... on level 4 of the Dungeon.
             The game lasted 00:12:52 (2796 turns).

Fortress the Gusty (Tengu Air Elementalist)         Turns: 2796, Time: 00:12:53

Health: -9/28      AC:  2    Str: 13      XL:     5   Next: 90%
Magic:  0/10       EV: 13    Int: 17      God:    Qazlal [*.....]
Gold:   120        SH:  1    Dex: 12 (14) Spells: 9/10 levels left

rFire    . . .     SeeInvis .   m - +0 hunting sling
rCold    . . .     Gourm    .   (no shield)
rNeg     . . .     Faith    .   a - +0 robe
rPois    .         Spirit   .   (helmet restricted)
rElec    .         Reflect  .   (no cloak)
rCorr    .         Harm     .   (no gloves)
MR       .....                  (boots unavailable)
Stlth    ++........             (no amulet)
HPRegen  0.09/turn              (no ring)
MPRegen  0.12/turn              (no ring)

@: mighty
A: beak, talons 3, able to fly
a: Fly, Renounce Religion


You were on level 4 of the Dungeon.
You worshipped Qazlal.
Qazlal was aware of your devotion.
You were not hungry.

You visited 1 branch of the dungeon, and saw 4 of its levels.

You collected 120 gold pieces.

Inventory:

Hand Weapons
 d - a +0 dagger
 m - a +0 hunting sling (weapon)
Missiles
 n - 17 sling bullets (quivered)
Armour
 a - a +0 robe (worn)
Jewellery
 g - an uncursed ring of magical power {unknown}
 p - an uncursed ring of fire {unknown}
Scrolls
 b - 4 scrolls of identify {unknown}
 f - a scroll of amnesia {unknown}
 j - a scroll of teleportation {unknown}
 k - a scroll of remove curse {unknown}
 l - a scroll of fog {unknown}
Potions
 e - a potion of degeneration {unknown}
 h - a potion of agility {unknown}
 i - a potion of lignification {unknown}
 o - a potion of magic {unknown}
 q - a potion of might
Comestibles
 c - 6 rations
 r - a chunk of flesh


   Skills:
 - Level 0.1 Fighting
 + Level 2.3 Slings
 - Level 3.0 Dodging
 - Level 2.1 Stealth
 + Level 3.3 Spellcasting
 + Level 3.0 Conjurations
 + Level 5.2 Air Magic


You had 9 spell levels left.
You knew the following spells:

 Your Spells              Type           Power        Failure   Level  Hunger
a - Shock                 Conj/Air       ###.         3%          1    None

Your spell library contained the following spells:

 Spells                   Type           Power        Failure   Level  Hunger
 Swiftness                Chrm/Air       ##......     9%          2    ##.....
 Static Discharge         Conj/Air       ###.....     10%         3    ###....
 Airstrike                Air            ###.......   21%         4    ####...
 Lightning Bolt           Conj/Air       ###.......   65%         5    ######.


Dungeon Overview and Level Annotations

Branches:
Dungeon (4/15)
 Temple: D:4-7

Altars:
Ashenzari
Kikubaaqudgha
Okawaru
Qazlal
Xom
Zin


Innate Abilities, Weirdness & Mutations

You have a beak for a mouth.
You have claws for feet.
You can fly continuously.


Message History

Aiming: Shock (safe; 3% risk of failure)
Press: ? - help, Shift-Dir - straight line, f/p - iguana
Aim: an iguana (severely wounded)
The zap hits the iguana.
The iguana is almost dead.
The iguana barely misses you.
Firing (i - inventory)
n - 18 sling bullets (quivered)
Press: ? - help, Shift-Dir - straight line, f/p - iguana
Aim: an iguana (almost dead)
You shoot a sling bullet.
The sling bullet hits the iguana but does no damage.
The iguana is almost dead.
The iguana bites you!
* * * LOW HITPOINT WARNING * * *
The iguana bites you.
* * * LOW HITPOINT WARNING * * *
It was a potion of might.
You feel very mighty all of a sudden. The iguana bites you!
You die...

.#########.#+##########
....................
##################..##
......................
#.#...........####..#
#.....#####.......#..
########.#####.#.###.#.#
#......#.#.....#...#.#.#
.......@.#.....#.....#.#
......l..#.....#######..
.........#..............
.........#.....#######..
.........####### #..
.........# ###
.........# # .........#
# #


You could see an iguana.

Vanquished Creatures
  A howler monkey (D:4)
  A quasit (D:3)
  4 gnolls (D:4)
  5 adders
  2 dart slugs
  A leopard gecko (D:1)
  3 orcs (D:3)
  2 ball pythons
  9 bats
  A giant cockroach (D:2)
  5 goblins
  4 hobgoblins
  4 jackals
  4 frilled lizards
  5 kobolds
  9 rats
60 creatures vanquished.

Notes
Turn   | Place    | Note
-------+----------+-------------------------------------------
     0 | D:1      | Fortress the Tengu Air Elementalist began the quest for the
                  | Orb.
     0 | D:1      | Reached XP level 1. HP: 10/10 MP: 4/4
   253 | D:1      | Reached XP level 2. HP: 15/15 MP: 3/6
   471 | D:1      | Found a shimmering altar of Xom.
   661 | D:2      | Reached XP level 3. HP: 19/19 MP: 0/7
   917 | D:2      | Found a shimmering altar of Xom.
  1125 | D:2      | Found a stormy altar of Qazlal.
  1127 | D:2      | Noticed an air elemental
  1127 | D:2      | Noticed an earth elemental
  1128 | D:2      | Noticed a fire elemental
  1128 | D:2      | Noticed a water elemental
  1157 | D:2      | Became a worshipper of Qazlal Stormbringer
  1458 | D:3      | Reached XP level 4. HP: 24/24 MP: 5/8
  1514 | D:3      | Found a shattered altar of Ashenzari.
  1598 | D:3      | Found an iron altar of Okawaru.
  2077 | D:3      | Reached skill level 1 in Slings
  2077 | D:3      | Reached skill level 5 in Air Magic
  2077 | D:3      | Gained mutation: You can fly continuously. [Tengu growth]
  2077 | D:3      | Reached XP level 5. HP: 17/28 MP: 0/10
  2167 | D:3      | Found an ancient bone altar of Kikubaaqudgha.
  2167 | D:3      | Found a glowing silver altar of Zin.
  2509 | D:4      | Reached * piety under Qazlal
  2796 | D:4      | Mangled by an iguana

Skill      XL: |  1  2  3  4  5 |
---------------+----------------+-----
Conjurations   | 2 3 |  3.0
Dodging        | 3 |  3.0
Spellcasting   | 3 |  3.3
Slings         | 1 2 |  2.3
Air Magic      | 5 |  5.2
Fighting       | |  0.1
Stealth        | |  2.1

Action                   |  1- 3 |  4- 6 || total
-------------------------+-------+-------++-------
Melee: Peck              |     4 |       ||     4
       Unarmed           |     1 |       ||     1
       Dagger            |    19 |       ||    19
       Kick              |     4 |       ||     4
       Hunting sling     |       |     3 ||     3
 Fire: Hunting sling     |       |    32 ||    32
 Cast: Shock             |    68 |    73 ||   141
  Use: Potion            |       |     1 ||     1
  Eat: Chunk             |     2 |     1 ||     3
       Ration            |       |     1 ||     1
Armor: Robe              |     5 |    12 ||    17
Dodge: Dodged            |    34 |    37 ||    71
